 Dungeon Crawl Stone Soup version 0.24.0-29-g8ce449bc06 (webtiles) character file.

Game seed: 17720721761024045202, levelgen mode: deterministic

10714 Gumption the Thaumaturge (level 11, -1/63 (64) HPs)
             Began as a Deep Elf Wizard on Nov 14, 2019.
             Was a Believer of Sif Muna.
             Slain by a crocodile (7 damage)
             ... while petrified by a basilisk
             ... on level 1 of the Lair of Beasts.
             The game lasted 02:26:27 (19739 turns).

Gumption the Thaumaturge (Deep Elf Wizard)         Turns: 19739, Time: 02:26:27

HP:   -1/63 (64)    AC:  6    Str:  4    XL:     11   Next: 39%
MP:   17/36         EV:  2    Int: 31    God:    Sif Muna [**....]
Gold: 621           SH:  0    Dex: 13    Spells: 5/31 levels left

rFire    . . .     SeeInvis .   a - +2 short sword (venom)
rCold    + . .     Gourm    .   (no shield)
rNeg     + + +     Faith    .   o - +0 robe
rPois    ∞         Spirit   .   I - +3 hat of the Lair of Beasts {+Inv rPois MP+9 Int+4}
rElec    .         Reflect  .   q - +0 cloak
rCorr    .         Harm     .   (no gloves)
MR       +....                  (no boots)
Stlth    ++........             i - amulet of the acrobat
HPRegen  0.20/turn              x - +2 ring of evasion
MPRegen  0.25/turn              c - ring of protection from cold

@: petrified, very slightly contaminated
A: no striking features
a: Channel Magic, Renounce Religion, Evoke Invisibility


You were on level 1 of the Lair of Beasts.
You worshipped Sif Muna.
Sif Muna was pleased with you.
You were very hungry.

You visited 3 branches of the dungeon, and saw 12 of its levels.

You collected 621 gold pieces.

Inventory:

Hand Weapons
 a - a +2 short sword of venom (weapon)
 b - a +0 hunting sling
 m - a +4 falchion of freezing
 w - a +0 spear of venom
 Q - the +7 falchion of the Pariah {pain, rPois rN+ Int-5, unknown}
   (You found it on level 8 of the Dungeon)

   In the hands of one skilled in necromantic magic, it inflicts extra damage on
   living creatures.
   It affects your intelligence (-5).
   It protects you from poison.
   It protects you from negative energy.
Missiles
 t - 37 sling bullets
 D - 45 poisoned darts (quivered)
Armour
 o - a +0 robe (worn)
 q - a +0 cloak (worn)
 I - the +3 hat of the Lair of Beasts (worn) {+Inv rPois MP+9 Int+4}
   (You found it on level 10 of the Dungeon)

   It affects your intelligence (+4).
   It protects you from poison.
   It affects your magic capacity (+9).
   It lets you turn invisible.
Jewellery
 c - a ring of protection from cold (right hand)
 i - an amulet of the acrobat (around neck)
 x - a +2 ring of evasion (left hand)
 F - a +3 amulet of reflection {unknown}
 G - an uncursed amulet of guardian spirit {unknown}
 O - an uncursed ring of fire
Wands
 d - a wand of enslavement (26)
 k - a wand of digging (6)
 u - a wand of polymorph (19)
 H - a wand of flame (37)
 J - a wand of acid (8)
Scrolls
 h - 4 scrolls of teleportation
 j - 2 scrolls of blinking
 n - 7 scrolls of remove curse
 s - 2 scrolls of fear
 N - a scroll of immolation
 P - a scroll of magic mapping
Potions
 f - 5 potions of curing
 g - 2 potions of berserk rage
 l - a potion of lignification
 p - 6 potions of flight
 r - 3 potions of ambrosia
 v - 3 potions of might
 z - a potion of cancellation
 A - 4 potions of brilliance
 B - 2 potions of haste
 C - 2 potions of invisibility
 K - a potion of mutation
 L - 2 potions of heal wounds
Comestibles
 e - 27 rations


   Skills:
 + Level 5.6 Fighting
 - Level 4.0 Short Blades
 + Level 9.7 Dodging
 - Level 2.4 Stealth
 + Level 10.9 Spellcasting
 - Level 8.0 Conjurations
 - Level 1.1 Summonings
 - Level 1.1 Translocations
 - Level 3.0 Fire Magic
 + Level 5.7 Air Magic
 - Level 3.0 Poison Magic
 + Level 6.5 Invocations


You had 5 spell levels left.
You knew the following spells:

 Your Spells              Type           Power        Failure   Level  Hunger
a - Lightning Bolt        Conj/Air       ######....   4%          5    ##.....
b - Blink                 Tloc           N/A          2%          2    None
c - Mephitic Cloud        Conj/Pois/Air  ######..     1%          3    None
d - Conjure Flame         Conj/Fire      ######..     1%          3    None
e - Call Imp              Summ           ###.....     2%          2    None
f - Airstrike             Air            ######....   2%          4    None
g - Swiftness             Chrm/Air       ####....     1%          2    None
h - Static Discharge      Conj/Air       ######..     1%          3    None
i - Apportation           Tloc           ###...       1%          1    None
j - Magic Dart            Conj           ####         1%          1    None

Your spell library contained the following spells:

 Spells                   Type           Power        Failure   Level  Hunger
 Shock                    Conj/Air       ####         1%          1    None
 Summon Small Mammal      Summ           ###.         1%          1    None
 Animate Skeleton         Necr           N/A          3%          1    None
 Confusing Touch          Hex            ###...       3%          1    None
 Pain                     Necr           ###.         3%          1    None
 Slow                     Hex            ###.....     4%          2    None
 Force Lance              Conj/Tloc      #####...     4%          4    None
 Vampiric Draining        Necr           ###.......   9%          3    None
 Borgnjor's Vile Clutch   Necr/Erth      ###.......   63%         5    ##.....
 Excruciating Wounds      Chrm/Necr      ###.......   63%         5    ##.....


Dungeon Overview and Level Annotations

Branches:
Dungeon (10/15)            Temple (1/1) D:7            Lair (1/6) D:10
    Orc (0/2) D:9

Altars:
Ashenzari
Cheibriados
Dithmenos
Elyvilon
Fedhas
Gozag
Hepliaklqana
Kikubaaqudgha
Makhleb
Nemelex Xobeh
Okawaru
Qazlal
Ru
Sif Muna
Trog
Uskayaw
Vehumet
Wu Jian
Xom
Yredelemnul
Zin
The Shining One

Shops:
D:6 =

Annotations:
D:9 3 runed translucent doors, NeAGen181's ghost, novice DDNe
D:10 exclusion: 2 doors


Message History

The basilisk bites you!
* * * LOW HITPOINT WARNING * * *
The spiny frog stings you.
* * * LOW HITPOINT WARNING * * *
The basilisk bites you.
* * * LOW HITPOINT WARNING * * *
The spiny frog stings you!
* * * LOW HITPOINT WARNING * * *
The crocodile bites you!
* * * LOW HITPOINT WARNING * * *
The spiny frog barely misses you. The basilisk gazes at you.
The crocodile bites you!
* * * LOW HITPOINT WARNING * * *
The spiny frog stings you but does no damage.
The basilisk gazes at you. The spiny frog stings you.
* * * LOW HITPOINT WARNING * * *
The crocodile bites you!
You die...

....).....##...####
........................
P###.................... ##
##...###.##....#..P##.# h
#...#....#...........# .#
#...#....#...........# .#
#........#..............# .
P...#....#.tlF.......#..# ..
#.........#..@.#.........+...
.....#....'....#.....†#...##.
.........#......####'.......
.....###+#..................
............................
............................
#### ####.#P################
#####


You could see a spiny frog, a basilisk and a crocodile.

Vanquished Creatures
  2 two-headed ogres
  2 deep elf magi (D:10)
  A cyclops (D:9)
  The ghost of Bombadil the Chopper, a novice DsSk of Kikubaaqudgha (D:5)
  2 hippogriffs
  The ghost of diiiiiane the Covert, an amateur OpAs (D:3)
  3 yaks (D:10)
  5 wyverns
  Eustachio (D:4)
  A basilisk (D:10)
  4 wargs
  A water moccasin (D:10)
  2 porcupines (D:10)
  A swamp drake (D:10)
  An orc warrior (D:9)
  2 sky beasts
  4 black bears (D:10)
  5 ice beasts
  2 ogres
  A necrophage (D:8)
  3 phantoms
  3 centaurs
  3 wolves
  2 crocodiles (D:10)
  6 big kobolds
  5 bullfrogs
  A water moccasin zombie (D:6)
  A wyvern skeleton (D:8)
  2 jellies
  A scorpion (D:6)
  3 wights (D:10)
  3 howler monkeys
  6 crimson imps
  3 centaur zombies
  6 hounds
  2 bullfrog zombies (D:6)
  Crazy Yiuf (D:5)
  6 orc priests
  7 orc wizards
  An iron imp (D:10)
  3 iguanas
  9 worker ants
  A killer bee zombie (D:8)
  2 bullfrog simulacra (D:5)
  A centaur simulacrum (D:5)
  Robin (D:3)
  4 gnolls
  14 adders
  2 shadow imps
  2 white imps
  2 worker ant simulacra (D:5)
  An ooze (D:7)
  2 adder skeletons (D:8)
  4 worms
  3 dart slugs
  6 leopard geckos
  41 orcs
  5 giant cockroaches
  17 goblins
  12 hobgoblins
  16 jackals
  3 quokkas
  2 ball pythons (D:1)
  11 bats
  7 frilled lizards
  A jackal skeleton (D:4)
  A jackal zombie (D:5)
  18 kobolds
  A leopard gecko simulacrum (D:5)
  6 rats
  A plant (D:10)
306 creatures vanquished.

Vanquished Creatures (others)
  A bush (D:10)
  3 fungi (D:10)
  10 plants (D:10)
14 creatures vanquished.

Grand Total: 320 creatures vanquished

Notes
Turn   | Place    | Note
-------+----------+-------------------------------------------
     0 | D:1      | Gumption the Deep Elf Wizard began the quest for the Orb.
     0 | D:1      | Reached XP level 1. HP: 10/10 MP: 7/7
   466 | D:1      | Reached XP level 2. HP: 15/15 MP: 5/9
  1012 | D:1      | Learned a level 2 spell: Blink
  1015 | D:1      | Learned a level 2 spell: Call Imp
  1263 | D:1      | Reached XP level 3. HP: 19/19 MP: 9/11
  1672 | D:1      | Learned a level 3 spell: Conjure Flame
  1676 | D:1      | Learned a level 3 spell: Mephitic Cloud
  1759 | D:2      | Reached skill level 5 in Spellcasting
  1759 | D:2      | Reached XP level 4. HP: 24/24 MP: 5/13
  2936 | D:2      | Reached XP level 5. HP: 28/28 MP: 10/14
  3439 | D:3      | Reached skill level 1 in Poison Magic
  3439 | D:3      | Noticed Robin
  3934 | D:3      | Killed Robin
  3934 | D:3      | Reached skill level 1 in Air Magic
  4090 | D:3      | Reached skill level 1 in Fire Magic
  4669 | D:3      | Found a runed translucent gate.
  4670 | D:3      | Found a runed translucent gate.
  4671 | D:3      | Found a runed translucent gate.
  4672 | D:3      | Noticed diiiiiane's ghost (amateur OpAs)
  4879 | D:4      | Reached XP level 6. HP: 21/32 MP: 11/16
  5625 | D:4      | Found a stormy altar of Qazlal.
  5627 | D:4      | Noticed a fire elemental
  5628 | D:4      | Noticed a water elemental
  5628 | D:4      | Noticed an air elemental
  5633 | D:4      | Noticed Eustachio
  5733 | D:4      | Killed Eustachio
  6017 | D:4      | Reached skill level 6 in Spellcasting
  6017 | D:4      | Reached skill level 5 in Conjurations
  6017 | D:4      | Reached XP level 7. HP: 36/36 MP: 3/18
  6489 | D:5      | Entered Level 5 of the Dungeon
  6752 | D:5      | Found a shattered altar of Ashenzari.
  6784 | D:5      | Found a radiant altar of Vehumet.
  7291 | D:5      | Noticed Bombadil's ghost (novice DsSk)
  7314 | D:5      | Found a runed translucent gate.
  7314 | D:5      | Found a runed translucent gate.
  7314 | D:5      | Found a runed translucent gate.
  7537 | D:5      | Noticed a wyvern
  7570 | D:5      | Killed a wyvern
  7570 | D:5      | Reached skill level 5 in Dodging
  7688 | D:5      | Found a runed translucent door.
  7689 | D:5      | Noticed Crazy Yiuf
  7707 | D:5      | Killed Crazy Yiuf
  8205 | D:6      | Reached XP level 8. HP: 41/42 MP: 10/19
  8496 | D:6      | Found Cucziomeej's Jewellery Shop.
  8522 | D:6      | Reached skill level 1 in Fighting
  9003 | D:6      | Reached skill level 7 in Spellcasting
 10284 | D:7      | Reached skill level 1 in Short Blades
 10526 | D:7      | Found a staircase to the Ecumenical Temple.
 10683 | D:7      | Reached XP level 9. HP: 34/49 MP: 16/22
 10700 | Temple   | Entered the Ecumenical Temple
 10907 | Temple   | Became a worshipper of Sif Muna the Loreminder
 11749 | D:7      | Reached skill level 1 in Invocations
 12169 | D:8      | Reached skill level 8 in Spellcasting
 12901 | D:8      | Got a translucent falchion
 13264 | D:8      | Noticed a two-headed ogre
 13308 | D:8      | Killed a two-headed ogre
 13308 | D:8      | Reached skill level 9 in Spellcasting
 13621 | D:8      | Learned a level 4 spell: Airstrike
 13628 | D:8      | Learned a level 2 spell: Swiftness
 13632 | D:8      | Learned a level 3 spell: Static Discharge
 13697 | D:9      | Reached XP level 10. HP: 56/56 MP: 18/25
 13966 | D:9      | Found a staircase to the Orcish Mines.
 14469 | D:9      | Found a blossoming altar of Fedhas.
 14508 | D:9      | Noticed a cyclops
 14794 | D:9      | Reached * piety under Sif Muna
 15365 | D:9      | Found a runed translucent gate.
 15366 | D:9      | Found a runed translucent gate.
 15366 | D:9      | Found a runed translucent gate.
 15367 | D:9      | Noticed NeAGen181's ghost (novice DDNe)
 15605 | D:9      | Killed a cyclops
 16018 | D:9      | Learned a level 1 spell: Apportation
 16025 | D:9      | Found an iron altar of Okawaru.
 16262 | D:10     | Entered Level 10 of the Dungeon
 16377 | D:10     | Reached skill level 5 in Invocations
 16652 | D:10     | Reached skill level 10 in Spellcasting
 17431 | D:10     | Reached skill level 5 in Fighting
 17440 | D:10     | Reached ** piety under Sif Muna
 17718 | D:10     | Noticed a deep elf mage
 17721 | D:10     | Noticed a deep elf mage
 17728 | D:10     | Killed a deep elf mage
 17728 | D:10     | Reached skill level 5 in Air Magic
 17728 | D:10     | Reached XP level 11. HP: 53/62 MP: 5/27
 17757 | D:10     | Killed a deep elf mage
 17763 | D:10     | Got a translucent hat
 17763 | D:10     | Got a twisted hat
 17809 | D:10     | Identified the -5 hat of Ugoej {+Fly rElec Dex+3 Slay-6}
                  | (You found it on level 10 of the Dungeon)
 17821 | D:10     | Identified the +3 hat of the Lair of Beasts {+Inv rPois
                  | MP+9 Int+4} (You found it on level 10 of the Dungeon)
 17894 | D:10     | Identified the Tome of the Loofah
 17902 | D:10     | Learned a level 5 spell: Lightning Bolt
 18644 | D:10     | Found a staircase to the Lair.
 18668 | D:10     | Noticed a two-headed ogre
 18670 | D:10     | Killed a two-headed ogre
 19122 | D:3      | Killed diiiiiane's ghost
 19234 | D:5      | Killed Bombadil's ghost
 19615 | Lair:1   | Entered Level 1 of the Lair of Beasts
 19739 | Lair:1   | Slain by a crocodile

Levels and vault maps discovered:
D:1:      sevenhm_arrival_forest_fort_large_2, layout_basic, minmay_vboxes
D:2:      layout_basic
D:3:      layout_loops_corners, ebering_ghost_rock_garden, uniq_robin
D:4:      layout_rooms, first_ration, nicolae_qazlal_style_of_elements,
          uniq_eustachio
D:5:      layout_cave_pods, fiery_altar_vehumet, lemuel_crystal_altar,
          gammafunk_ghost_icy, uniq_crazy_yiuf_cottage
D:6:      layout_loops_corners, serial_shops, shop
D:7:      nicolae_whirlpool, layout_basic, minmay_temple_entry_statues_fountains
D:8:      minmay_chambers_of_sixes, layout_basic
D:9:      layout_cross, nicolae_overflow_crystal_walls,
          okawaru_altar_gauntlet_db, minmay_orc_entry_guard_dogs,
          ebering_ghost_rock_garden, blue_anna_alchemist
          [blue_anna_fruit_fields, blue_anna_fruit_fields]
D:10:     layout_stronghold, minmay_lair_entry_grove, hangedman_minor_magic
Temple:   eino_narrow_crystal_temple
Lair:1:   layout_chaotic_city

Skill      XL: |  1  2  3  4  5  6  7  8  9 10 11 |
---------------+----------------------------------+-----
Conjurations   | 2 3 4 5 7 8 |  8.0
Dodging        | 3 4 5 6 7 9 |  9.7
Spellcasting   | 5 6 7 9 10 | 10.9
Poison Magic   | 1 2 3 |  3.0
Air Magic      | 1 2 3 5 |  5.7
Fire Magic     | 1 2 3 |  3.0
Fighting       | 2 3 5 |  5.6
Short Blades   | 1 3 4 |  4.0
Invocations    | 3 5 6 |  6.5
Stealth        | |  2.4
Summonings     | |  1.1
Translocations | |  1.1

Action                   |  1- 3 |  4- 6 |  7- 9 | 10-12 || total
-------------------------+-------+-------+-------+-------++-------
Melee: Spear             |    20 |    29 |    48 |       ||    97
       Short sword       |       |     8 |    25 |    19 ||    52
       Unarmed           |       |     4 |       |       ||     4
 Cast: Magic Dart        |    55 |   201 |   353 |   289 ||   898
       Conjure Flame     |     2 |     9 |    23 |     9 ||    43
       Mephitic Cloud    |       |     2 |    10 |    18 ||    30
       Blink             |       |     1 |    18 |    10 ||    29
       Call Imp          |       |       |     2 |       ||     2
       Static Discharge  |       |       |       |    25 ||    25
       Airstrike         |       |       |       |    11 ||    11
       Lightning Bolt    |       |       |       |    44 ||    44
Invok: Channel Magic     |       |       |       |     2 ||     2
  Use: Scroll            |       |    12 |    11 |     1 ||    24
 Stab: Confused          |       |     1 |     3 |     1 ||     5
       Sleeping          |       |       |     2 |       ||     2
  Eat: Ration            |     1 |       |     2 |     1 ||     4
       Chunk             |       |    12 |    17 |    17 ||    46
Armor: Robe              |     3 |    24 |    28 |    12 ||    67
Dodge: Dodged            |    20 |   105 |   160 |   110 ||   395
